cohdb
Replays
Latest Replays
All Replays
Popular Replays
Top Player Replays
Match Explorer
How It Works
Community
CoH3 Stats
Reddit
Sign in to upload your games and track your stats! →
Sign in with Steam
Match 40862805
Unlisted
Match 40862805
Overview
Messages
Build Orders
End
Selects Canadian Shock Battlegroup
Royal Engineer Section
Construct Section Command Post
Infantry Section
Dingo Light Scout Car
Selects Attacking Spirit
Selects Canadian Shock Section
Canadian Shock Section
Construct Platoon Command Post
Humber Armored Car
Canadian Shock Section
Selects Incendiary Munitions
Unlock Bishop Self-propelled Artillery
Bishop Self-propelled Artillery
Canadian Shock Section
Selects Pyrotechnics
Infantry Training
Light Vehicle Training
Royal Engineer Section
Construct Field Infirmary
Selects Churchill Crocodile Heavy Tank
Churchill Crocodile Heavy Tank
Armored Vehicle Training
Selects Point Assault
Bishop Self-propelled Artillery
Royal Engineer Section
Pepuz
^3
0
0
Comments
sign in to comment!
No comments posted yet!